 Dungeon Crawl Stone Soup version 0.19-a0-1686-g35356ef (webtiles) character file.

522 st0uf the Skirmisher (level 7, 41/56 HPs)
             Began as a Demonspawn Fighter on Sept 25, 2016.
             Quit the game on level 4 of the Dungeon.
             The game lasted 00:17:07 (4333 turns).

st0uf the Skirmisher (Demonspawn Fighter)           Turns: 4333, Time: 00:17:08

Health: 41/56      AC:  9    Str: 18    XL:     7   Next: 1%
Magic:  7/7        EV: 10    Int: 10    God:
Gold:   217        SH:  3    Dex: 12    Spells: 0 memorised, 6 levels left

rFire  . . .     SeeInvis .     a - +0 long sword
rCold  + . .     Gourm    .     b - +0 scale mail
rNeg   + . .     Faith    .     (no shield)
rPois  .         Spirit   .     (no helmet)
rElec  .         Dismiss  .     t - +0 cloak
rCorr  .         Reflect  +     (no gloves)
MR     +....     Harm     .     (no boots)
Stlth  ..........               r - +3 amulet of reflection
                                n - ring of positive energy
                                k - ring of protection from magic

@: mildly poisoned (41 -> 39)
A: claws 1, hooves 2, cold resistance 1
a: no special abilities


You were on level 4 of the Dungeon.
You were hungry.

You visited 1 branch of the dungeon, and saw 4 of its levels.

You collected 217 gold pieces.

Inventory:

Hand Weapons
 a - a +0 long sword (weapon)
 p - a +0 dagger of venom
Armour
 b - a +0 scale mail (worn)
 c - a +0 shield
 t - a +0 cloak (worn)
Jewellery
 k - a ring of protection from magic (left claw)
 n - a ring of positive energy (right claw)
 r - a +3 amulet of reflection (around neck)
 y - an uncursed ring of ice
Scrolls
 e - a scroll of enchant weapon {unknown}
 h - 4 scrolls of remove curse
 i - a scroll of identify
 l - 2 scrolls of random uselessness {unknown}
 m - 2 scrolls of teleportation {unknown}
 q - a scroll of blinking {unknown}
 u - 2 scrolls of magic mapping {unknown}
 v - a scroll of enchant armour {unknown}
Potions
 d - a potion of might
 s - a potion of magic {unknown}
 w - a potion of degeneration {unknown}
 x - a potion of lignification {unknown}
 z - a potion of brilliance {unknown}
 A - a potion of berserk rage {unknown}
 B - 2 potions of ambrosia {unknown}
Comestibles
 f - 4 bread rations
 g - 3 fruits
 j - a slice of pizza


   Skills:
 * Level 5.3 Fighting
 * Level 4.1 Long Blades
 + Level 4.0 Armour
 + Level 2.1 Dodging
 - Level 2.6 Shields


You had 6 spell levels left.
You didn't know any spells.

Dungeon Overview and Level Annotations

Branches:
Dungeon (4/15)
 Temple: D:4-7

Altars:
Ashenzari
Elyvilon
Makhleb


Innate Abilities, Weirdness & Mutations

You have sharp fingernails.
You have hoof-like feet.
Your flesh is cold resistant. (rC+)


Message History

You closely miss the scorpion.
You kick the scorpion, but do no damage.
The scorpion is severely wounded.
You feel sick. The scorpion stings you.
You hit the scorpion.
You kick the scorpion, but do no damage.
The scorpion is almost dead.
You block the scorpion's attack.
You hit the scorpion.
You kick the scorpion, but do no damage.
The scorpion is almost dead.
You feel sick.
The scorpion stings you but does no damage.
You hit the scorpion.
You kill the scorpion!
Your Armour skill increases to level 4!
You have reached level 7!
Your demonic ancestry asserts itself...
Your fingernails lengthen.
Are you sure you want to abandon this character and quit the game? (Confirm with "yes".)

#...... #.....
#....# #....# #....#
#....# #.(..## #.
###....###...
##.@........[..
#...............
##................
#.................)
##..................
#...................
#...................
#...................
#...................


There were no monsters in sight!

Vanquished Creatures
  Sigmund (D:4)
  A scorpion (D:4)
  A crimson imp (D:3)
  An orc priest (D:3)
  An orc wizard (D:2)
  Terence (D:2)
  A gnoll (D:4)
  8 adders
  2 oozes (D:1)
  2 worms (D:3)
  2 dart slugs
  3 leopard geckos
  14 orcs
  6 giant cockroaches
  7 goblins
  7 hobgoblins
  2 jackals (D:2)
  5 quokkas
  7 bats
  A frilled lizard (D:4)
  10 kobolds
  6 rats
89 creatures vanquished.

Notes
Turn   | Place    | Note
-------+----------+-------------------------------------------
     0 | D:1      | st0uf the Demonspawn Fighter began the quest for the Orb.
     0 | D:1      | Reached XP level 1. HP: 18/18 MP: 1/1
   248 | D:1      | Gained mutation: You have large cloven feet. [demonic ancestry]
   248 | D:1      | Reached XP level 2. HP: 24/24 MP: 2/2
   740 | D:2      | Reached XP level 3. HP: 26/29 MP: 3/3
  1000 | D:2      | Noticed Terence
  1013 | D:2      | Killed Terence
  1013 | D:2      | Reached skill level 1 in Dodging
  1014 | D:2      | Gained mutation: You have hoof-like feet. [demonic ancestry]
  1014 | D:2      | Reached XP level 4. HP: 26/37 MP: 4/4
  2042 | D:2      | Reached skill level 4 in Fighting
  2059 | D:3      | Reached XP level 5. HP: 34/42 MP: 5/5
  2105 | D:3      | Found a burning altar of Makhleb.
  2817 | D:3      | Found a white marble altar of Elyvilon.
  3284 | D:3      | Found a shattered altar of Ashenzari.
  3367 | D:3      | Gained mutation: Your flesh is cold resistant. (rC+) [demonic ancestry]
  3367 | D:3      | Reached XP level 6. HP: 49/49 MP: 6/6
  3484 | D:4      | Noticed Sigmund
  4221 | D:4      | Killed Sigmund
  4221 | D:4      | Reached skill level 5 in Fighting
  4332 | D:4      | Gained mutation: You have sharp fingernails. [demonic ancestry]
  4332 | D:4      | Reached XP level 7. HP: 41/56 MP: 7/7
  4333 | D:4      | Quit the game

Vault maps used:
D:1:      dpeg_arrival_boxes_within_box, st_stairs_9
D:2:      uniq_terence
D:3:      makhleb_grotto_becter, lemuel_coloured_pillars_altar,
          kennysheep_minor_cross, elyvilon_altar_3
D:4:      nemelex_xobeh_ov_fountains_minmay, nicolae_gozag_seed_capital,
          marbit_many_paths, first_bread, uniq_sigmund

Skill      XL: |  1  2  3  4  5  6 |
---------------+-------------------+-----
Long Blades    | 2 3 4 |  4.1
Armour         | 3 4 |  4.0
Dodging        | 1 2 |  2.1
Fighting       | 4 5 |  5.3
Shields        | |  2.6

Action                   |  1- 3 |  4- 6 |  7- 9 || total
-------------------------+-------+-------+-------++-------
Melee: Long sword        |   108 |   296 |       ||   404
       Kick              |    13 |    80 |       ||    93
  Use: Scroll            |       |     3 |       ||     3
  Eat: Chunk             |       |    11 |       ||    11
Armor: Scale mail        |    59 |   112 |       ||   171
Dodge: Dodged            |    65 |   138 |       ||   203
Block: Other             |       |     6 |       ||     6
